 Dungeon Crawl Stone Soup version 0.23.2-33-g5129a83184 (webtiles) character file.

Game seed: 6703468300953259245

19359 senseless the Fighter (level 12, -1/84 HPs)
             Began as a Gargoyle Gladiator on June 29, 2019.
             Was the Champion of Okawaru.
             Slain by an entropy weaver (12 damage)
             ... on level 12 of the Dungeon.
             The game lasted 00:57:27 (13306 turns).

senseless the Fighter (Gargoyle Gladiator)         Turns: 13306, Time: 00:57:28

Health: -1/84      AC: 20    Str: 24    XL:     12   Next: 68%
Magic:  13/13      EV: 18    Int: 11    God:    Okawaru [******]
Gold:   397        SH:  0    Dex: 16    Spells: 11/11 levels left

rFire    + + .     SeeInvis .   F - +5 pair of quick blades "Gyre" and "Gimble" {pierce, Dex-3}
rCold    + + +     Gourm    .   (shield currently unavailable)
rNeg     + + .     Faith    .   L - +1 leather armour {rC+}
rPois    ∞         Spirit   .   c - +2 helmet
rElec    +         Reflect  .   e - scarf {rC+ rF+}
rCorr    +         Harm     .   q - +1 pair of gloves {archery}
MR       .....                  P - +0 pair of boots "Vianic" {Str+7} (curse)
Stlth    ++........             (no amulet)
HPRegen  0.24/turn              A - ring of resist corrosion
MPRegen  0.13/turn              p - ring of Ashenzari's Delight {rF+ rC+ rN+ Dex+4}

@: no status effects
A: negative energy resistance 1, electricity resistance, unbreathing,
petrification resistance, rot immunity, AC +8
a: Heroism, Finesse, Renounce Religion


You were on level 12 of the Dungeon.
You worshipped Okawaru.
Okawaru was exalted by your worship.
You were hungry.

You visited 2 branches of the dungeon, and saw 13 of its levels.
You also visited: Sewer.

You collected 667 gold pieces.
You spent 270 gold pieces at shops.

Inventory:

Hand Weapons
 i - the cursed +0 battleaxe of Zewoasche {antimagic, rN+}
   (You took it off an orc warrior on level 11 of the Dungeon)

   It reduces the magical energy of the wielder, and disrupts the spells and
   magical abilities of those hit.
   Natural abilities and divine invocations are not affected.
   It protects you from negative energy.
   It has a curse placed upon it.
 n - a +0 whip of flaming
 o - a +3 hunting sling of venom
 s - a +1 vampiric whip
 F - the +5 pair of quick blades "Gyre" and "Gimble" (weapon) {pierce, Dex-3}
   (You found it on level 6 of the Dungeon)

   It inflicts extra damage upon your enemies.
   It affects your dexterity (-3).
 H - a +2 mace of protection
Missiles
 d - a throwing net (quivered)
 r - 93 sling bullets
Armour
 b - a +0 cloak of invisibility
 c - a +2 helmet (worn)
 e - a scarf of resistance (worn)
 q - a +1 pair of gloves of archery (worn)
 C - a +2 pair of boots
 D - a +1 pair of boots of stealth
 L - a +1 leather armour of cold resistance (worn)
 P - the cursed +0 pair of boots "Vianic" (worn) {Str+7}
   (You bought it in a shop on level 9 of the Dungeon)

   It affects your strength (+7).
   It has a curse placed upon it.
Jewellery
 p - the ring of Ashenzari's Delight (right hand) {rF+ rC+ rN+ Dex+4}
   (You acquired it on level 7 of the Dungeon)

   [ring of protection from cold]

   It affects your dexterity (+4).
   It protects you from fire.
   It protects you from cold.
   It protects you from negative energy.
 A - a ring of resist corrosion (left hand)
Wands
 a - a wand of disintegration (10)
 j - a wand of iceblast (6)
 y - a wand of polymorph (30)
 z - a wand of enslavement (20)
 I - a wand of flame (29)
 K - a wand of digging (7)
 N - a wand of acid (5)
 O - a wand of paralysis (10)
 U - a wand of clouds (5)
Scrolls
 g - 13 scrolls of remove curse
 k - 2 scrolls of amnesia
 t - 7 scrolls of teleportation
 M - 3 scrolls of fear
 S - 3 scrolls of magic mapping
Potions
 l - 2 potions of cancellation
 m - a potion of heal wounds
 u - 3 potions of agility
 v - 6 potions of curing
 w - 2 potions of magic
 x - 5 potions of flight
 B - a potion of resistance {unknown}
 E - a potion of ambrosia {unknown}
 G - 2 potions of brilliance
 J - 2 potions of haste
 Q - a potion of invisibility {unknown}
 Z - a potion of mutation {unknown}
Miscellaneous
 T - a phial of floods
Comestibles
 f - 17 rations
 h - 3 chunks of flesh


   Skills:
 + Level 13.2 Fighting
 - Level 8.0 Short Blades
 - Level 7.6 Maces & Flails
 - Level 2.2 Throwing
 + Level 7.5 Armour
 + Level 8.3 Dodging
 - Level 2.6 Stealth
 + Level 2.3 Evocations


You had 11 spell levels left.
You didn't know any spells.
Your spell library contained the following spells:

 Spells                   Type           Power        Failure   Level  Hunger
 Flame Tongue             Conj/Fire      #....        36%         1    ##.....
 Magic Dart               Conj           #...         36%         1    ##.....
 Sting                    Conj/Pois      #...         36%         1    ##.....
 Blink                    Tloc           N/A          52%         2    ###....
 Call Imp                 Summ           #.......     52%         2    ###....
 Poisonous Vapours        Pois/Air       #.....       52%         2    ###....
 Shroud of Golubria       Chrm/Tloc      #.........   52%         2    ###....
 Slow                     Hex            #.......     52%         2    ###....
 Conjure Flame            Conj/Fire      #.......     75%         3    ####...
 Gell's Gravitas          Tloc           #.........   75%         3    ####...
 Lesser Beckoning         Tloc           #.........   75%         3    ####...
 Mephitic Cloud           Conj/Pois/Air  #.......     75%         3    ####...
 Teleport Other           Tloc           #.......     75%         3    ####...
 Iskenderun's Mystic Bla  Conj           #.......     98%         4    #####..
 Passage of Golubria      Tloc           N/A          98%         4    #####..
 Bolt of Magma            Conj/Fire/Erth #.........   100%        5    ######.
 Fireball                 Conj/Fire      #.........   100%        5    ######.
 Iskenderun's Battlesphe  Conj/Chrm      #.......     100%        5    ######.
 Venom Bolt               Conj/Pois      #.........   100%        5    ######.
 Conjure Ball Lightning   Conj/Air       #.........   100%        6    #######
 Iron Shot                Conj/Erth      #.........   100%        6    #######
 Orb of Destruction       Conj           #.........   100%        7    #######
 Spellforged Servitor     Conj/Summ      #.........   100%        7    #######


Dungeon Overview and Level Annotations

Branches:
Dungeon (12/15)            Temple (1/1) D:6            Lair (0/6) D:8
    Orc (0/2) D:10

Altars:
Ashenzari
Cheibriados
Dithmenos
Elyvilon
Fedhas
Gozag
Hepliaklqana
Kikubaaqudgha
Makhleb
Nemelex Xobeh
Okawaru
Qazlal
Ru
Sif Muna
Trog
Uskayaw
Vehumet
Wu Jian
Xom
Yredelemnul
Zin
The Shining One

Shops:
D:9 *

Annotations:
D:10 3 runed translucent doors


Innate Abilities, Weirdness & Mutations

You are resistant to torment.
Your stone body is resilient. (AC +8)
You are immune to poison.
You resist negative energy. (rN+)
You are resistant to electric shocks. (rElec)
You can survive without breathing.
You are immune to petrification.
You are immune to rotting.


Message History

Okawaru accepts your kill.
You hit the entropy weaver. x2
You closely miss the entropy weaver. x2
The worker ant twitches its antennae in your direction.
You hit the entropy weaver. You miss the entropy weaver.
You closely miss the entropy weaver. You hit the entropy weaver.
The entropy weaver barely misses you. x2; The entropy weaver hits you!
* * * LOW HITPOINT WARNING * * *
The entropy weaver hits you but does no damage.
You hit the entropy weaver. x2
You hit the entropy weaver but do no damage.
You hit the entropy weaver.
You hit the entropy weaver. x2; The entropy weaver barely misses you.
The entropy weaver hits you but does no damage.
The entropy weaver closely misses you. The entropy weaver barely misses you.
You hit the entropy weaver. x2
You miss the entropy weaver.
You hit the entropy weaver but do no damage.
The entropy weaver hits you!
You die...

... ..#.#...#.......##
.... ...#..#....)....##
....##..........).....# .
.....#..#.......)..#...
.........(#.........###..
...................###..
#.................##<..
#.####.##...........##
#a.#@#.##.........##
#a##..#........##
#a.###........##
aaaa..#.......#
aaaa#.##.......#
.aaaa.###.......#
##(.a#.# .. ##....#
.#....


You could see an entropy weaver, 2 soldier ants and 8 worker ants.

Vanquished Creatures
  A fire dragon (D:10)
  Erolcha (D:11)
  A hydra (D:9)
  A centaur warrior (D:11)
  The ghost of DKeggars the Protected, a novice MiFi of Trog (D:10)
  A queen ant (D:12)
  A two-headed ogre (D:10)
  Urug (D:10)
  Nergalle (D:11)
  An obsidian statue (D:9)
  An orange crystal statue (D:10)
  2 ugly things (D:11)
  A manticore (D:11)
  2 cyclopes
  Psyche (D:8)
  2 hornets
  3 trolls
  A wraith (D:10)
  20 yaks
  A vampire mosquito (D:9)
  2 hungry ghosts
  A water moccasin (D:6)
  2 soldier ants (D:12)
  7 orc warriors
  2 black bears
  An eye of draining (D:9)
  A sky beast (D:11)
  3 ice beasts
  2 necrophages
  2 phantoms
  6 ogres
  2 centaurs
  4 big kobolds
  8 bullfrogs
  6 scorpions
  6 killer bees
  A howler monkey (D:11)
  A crimson imp (D:9)
  4 bullfrog zombies
  2 quasits (Sewer)
  2 jellies
  9 orc priests
  A bullfrog skeleton (D:4)
  2 hounds
  2 centaur skeletons (D:6)
  6 iguanas
  10 worker ants
  12 orc wizards
  A big kobold zombie (Sewer)
  3 hound skeletons
  A worker ant zombie (D:10)
  8 gnolls (D:4)
  14 adders
  7 shadow imps
  An ufetubus (Sewer)
  2 oozes (Sewer)
  2 adder skeletons
  2 adder zombies
  A worm (D:5)
  3 dart slugs
  5 leopard geckos
  39 orcs
  2 bat zombies (Sewer)
  10 giant cockroaches
  8 hobgoblins
  3 jackals (D:1)
  7 quokkas
  4 ball pythons
  6 bats
  6 frilled lizards
  9 goblins
  A jackal zombie (D:9)
  22 kobolds
  A kobold zombie (Sewer)
  A quokka skeleton (D:9)
  10 rats
330 creatures vanquished.

Vanquished Creatures (others)
  Grinder (Sewer)
  A shadow imp (Sewer)
  An ooze (Sewer)
3 creatures vanquished.

Grand Total: 333 creatures vanquished

Notes
Turn   | Place    | Note
-------+----------+-------------------------------------------
     0 | D:1      | senseless the Gargoyle Gladiator began the quest for the
                  | Orb.
     0 | D:1      | Reached XP level 1. HP: 12/12 MP: 1/1
   177 | D:1      | Reached XP level 2. HP: 17/17 MP: 2/2
   417 | D:1      | Reached XP level 3. HP: 22/22 MP: 3/3
   795 | D:2      | Reached XP level 4. HP: 17/27 MP: 4/4
  1264 | D:2      | Reached skill level 1 in Armour
  1454 | D:2      | Reached XP level 5. HP: 31/31 MP: 5/5
  2308 | D:3      | Reached skill level 5 in Maces & Flails
  2712 | D:4      | Reached skill level 3 in Fighting
  2716 | D:4      | Reached XP level 6. HP: 34/37 MP: 6/6
  3036 | D:4      | Found a glowing drain.
  3059 | Sewer    | Entered a sewer
  3378 | Sewer    | Found a burning altar of Makhleb.
  3834 | Sewer    | Noticed Grinder
  3856 | Sewer    | Paralysed by Grinder for 4 turns
  3881 | Sewer    | Killed Grinder
  3881 | Sewer    | Reached skill level 1 in Stealth
  3881 | Sewer    | Reached XP level 7. HP: 11/41 MP: 7/7
  4830 | D:4      | Found an iron altar of Okawaru.
  4893 | D:5      | Entered Level 5 of the Dungeon
  4984 | D:5      | Reached skill level 4 in Fighting
  4984 | D:5      | Reached XP level 8. HP: 13/48 MP: 8/8
  5441 | D:5      | You fall through a shaft for 3 floors!
  5441 | D:8      | Found a glowing golden altar of the Shining One.
  5448 | D:8      | Found a burning altar of Makhleb.
  6516 | D:6      | Reached skill level 5 in Dodging
  6616 | D:6      | Found the +5 pair of quick blades "Gyre" and "Gimble"
                  | {pierce, Dex-3}
  6680 | D:6      | Reached skill level 5 in Fighting
  6680 | D:6      | Reached skill level 1 in Short Blades
  6680 | D:6      | Reached XP level 9. HP: 54/54 MP: 9/9
  6972 | D:5      | Found a snail-covered altar of Cheibriados.
  7215 | D:6      | Found a blossoming altar of Fedhas.
  7399 | D:6      | Found a staircase to the Ecumenical Temple.
  7408 | Temple   | Entered the Ecumenical Temple
  7526 | D:4      | Became a worshipper of Warmaster Okawaru
  8153 | D:7      | Found a sparkling altar of Nemelex Xobeh.
  8236 | D:7      | Identified a scroll of acquirement
  8237 | D:7      | Got a crude amber ring
  8238 | D:7      | Identified the ring of Ashenzari's Delight {rF+ rC+ rN+
                  | Dex+4} (You acquired it on level 7 of the Dungeon)
  8308 | D:8      | Found a stormy altar of Qazlal.
  8335 | D:8      | Found a staircase to the Lair.
  8425 | D:8      | Found an ornate altar of the Wu Jian Council.
  8481 | D:8      | Noticed Psyche
  8493 | D:8      | Killed Psyche
  8493 | D:8      | Reached skill level 5 in Short Blades
  8596 | D:8      | Reached skill level 6 in Fighting
  8814 | D:9      | Found a hazy altar of Hepliaklqana.
  8859 | D:9      | Found a white marble altar of Elyvilon.
  8877 | D:9      | Found a large runed translucent door.
  8877 | D:9      | Found a large runed translucent door.
  8887 | D:9      | Reached * piety under Okawaru
  8894 | D:9      | Noticed a troll
  8900 | D:9      | Killed a troll
  8913 | D:9      | Reached XP level 10. HP: 60/60 MP: 10/10
  8969 | D:9      | Noticed a six-headed hydra
  9054 | D:9      | Found a large runed translucent door.
  9054 | D:9      | Found a large runed translucent door.
  9117 | D:9      | Noticed an obsidian statue
  9154 | D:9      | Killed an obsidian statue
  9154 | D:9      | Reached ** piety under Okawaru
  9247 | D:9      | Found Hyehaq's Assorted Antiques.
  9255 | D:9      | Bought a pair of transparent boots for 247 gold pieces
  9255 | D:9      | Bought a smoky ruby potion for 23 gold pieces
  9265 | D:9      | Identified the cursed +0 pair of boots "Vianic" {Str+7}
                  | (You bought it in a shop on level 9 of the Dungeon)
  9738 | D:9      | Killed a six-headed hydra
  9738 | D:9      | Reached *** piety under Okawaru
  9738 | D:9      | Reached skill level 7 in Fighting
  9738 | D:9      | Reached skill level 5 in Armour
  9757 | D:9      | Identified the Incunabulum of Blows and Bruises and the
                  | Birds
 10050 | D:10     | Entered Level 10 of the Dungeon
 10209 | D:10     | Found a staircase to the Orcish Mines.
 10232 | D:10     | Noticed Urug
 10249 | D:10     | Reached skill level 1 in Evocations
 10275 | D:10     | Killed Urug
 10275 | D:10     | Reached skill level 8 in Fighting
 10275 | D:10     | Reached XP level 11. HP: 17/69 MP: 11/11
 10609 | D:10     | Noticed a two-headed ogre
 10609 | D:10     | Noticed a cyclops
 10652 | D:10     | Killed a two-headed ogre
 10652 | D:10     | Reached **** piety under Okawaru
 10652 | D:10     | Reached skill level 9 in Fighting
 10691 | D:10     | Killed a cyclops
 10980 | D:10     | Found a runed translucent door.
 10980 | D:10     | Noticed DKeggars's ghost (novice MiFi)
 10980 | D:10     | Noticed a fire dragon
 10981 | D:10     | Found the +3 giant club "Skullcrusher" {speed, Str+7}
 11391 | D:10     | Found a runed translucent door.
 11403 | D:10     | Found a runed translucent door.
 11437 | D:10     | Found a runed translucent door.
 11457 | D:10     | Found a runed translucent door.
 11583 | D:10     | Noticed an orange crystal statue
 11640 | D:10     | Killed an orange crystal statue
 11640 | D:10     | Reached ***** piety under Okawaru
 11640 | D:10     | Reached skill level 10 in Fighting
 11789 | D:10     | Killed DKeggars's ghost
 11814 | D:10     | HP: 3/73 [fire dragon (1)]
 11816 | D:10     | Killed a fire dragon
 12127 | D:11     | Noticed Nergalle
 12142 | D:11     | Killed Nergalle
 12142 | D:11     | Received a gift from Okawaru
 12146 | D:11     | Reached skill level 11 in Fighting
 12226 | D:11     | Noticed a cyclops
 12235 | D:11     | Killed a cyclops
 12235 | D:11     | Reached XP level 12. HP: 71/80 MP: 13/13
 12292 | D:11     | Noticed a centaur warrior
 12300 | D:11     | Killed a centaur warrior
 12399 | D:11     | Reached skill level 12 in Fighting
 12490 | D:11     | Identified the cursed +0 battleaxe of Zewoasche {antimagic,
                  | rN+}
 12777 | D:11     | Noticed Erolcha
 12809 | D:11     | Killed Erolcha
 12809 | D:11     | Received a gift from Okawaru
 12959 | D:11     | Reached skill level 13 in Fighting
 13149 | D:12     | Noticed an entropy weaver
 13149 | D:12     | Noticed a queen ant
 13149 | D:12     | Noticed an entropy weaver
 13283 | D:12     | Killed a queen ant
 13283 | D:12     | Reached ****** piety under Okawaru
 13306 | D:12     | Slain by an entropy weaver

Skill      XL: |  1  2  3  4  5  6  7  8  9 10 11 12 |
---------------+-------------------------------------+-----
Maces & Flails | 4 5 6 7 |  7.6
Armour         | 1 2 3 4 5 6 7 |  7.5
Dodging        | 3 4 5 6 7 8 |  8.3
Fighting       | 3 4 5 6 8 11 13 | 13.2
Stealth        | 1 2 |  2.6
Throwing       | 2 |  2.2
Short Blades   | 1 6 8 |  8.0
Evocations     | 1 2 |  2.3

Action                   |  1- 3 |  4- 6 |  7- 9 | 10-12 || total
-------------------------+-------+-------+-------+-------++-------
Melee: Flail             |    93 |   116 |       |       ||   209
       Whip              |       |   320 |   295 |       ||   615
       Pair of quick bla |       |       |   117 |   756 ||   873
       Mace              |       |       |       |    14 ||    14
Throw: Throwing net      |       |       |     6 |       ||     6
Evoke: Wand              |       |       |       |     5 ||     5
  Use: Scroll            |     3 |     6 |     9 |     5 ||    23
       Potion            |       |     3 |       |     4 ||     7
 Stab: Held in net/web   |       |       |     3 |       ||     3
       Sleeping          |       |       |     4 |     8 ||    12
  Eat: Chunk             |       |    10 |    12 |    14 ||    36
       Ration            |       |       |     2 |       ||     2
Armor: Leather armour    |    44 |   195 |   113 |   109 ||   461
Dodge: Dodged            |    71 |   310 |   215 |   236 ||   832
